 Dungeon Crawl Stone Soup version 0.17.0-26-gececa24 (webtiles) character file.

51 septik the Covered (level 3, 0/24 HPs)
             Began as a Gargoyle Fighter on Nov 20, 2015.
             Slain by a kobold (2 damage)
             ... on level 2 of the Dungeon.
             The game lasted 00:02:29 (1311 turns).

septik the Covered (Gargoyle Fighter)               Turns: 1311, Time: 00:02:29

Health: 0/24       AC: 11    Str: 24 (25) XL:     3   Next: 83%
Magic:  3/3        EV:  8    Int: 13      God:
Gold:   135        SH: 10    Dex: 13      Spells: 0 memorised, 2 levels left

rFire  + . .     SeeInvis .     a - +0 flail
rCold  + . .     Clarity  .     b - +0 scale mail
rNeg   + . .     SustAt   .     c - +0 shield
rPois  ∞         Gourm    .     (no helmet)
rElec  +         Spirit   .     p - +0 cloak
rCorr  +         Warding  .     (no gloves)
rMut   .         Stasis   .     (no boots)
MR     +....                    (no amulet)
Stlth  ..........               k - ring of protection from magic
                                j - +4 ring of dexterity

@: mighty, brilliant, resistant, somewhat resistant to hostile enchantments,
extremely unstealthy
A: negative energy resistance 1, electricity resistance, unbreathing,
petrification resistance, rot immunity, AC +3
a: no special abilities


You were on level 2 of the Dungeon.
You were near starving.

You visited 1 branch of the dungeon, and saw 2 of its levels.

You collected 135 gold pieces.

Inventory:

Hand Weapons
 a - a +0 flail (weapon)
Armour
 b - a +0 scale mail (worn)
 c - a +0 shield (worn)
 p - a +0 cloak (worn)
Jewellery
 j - a +4 ring of dexterity (left hand)
 k - a ring of protection from magic (right hand)
Scrolls
 g - 2 scrolls of identify {unknown}
 h - a scroll of amnesia {unknown}
 l - a scroll of fog {unknown}
 o - a scroll of enchant weapon {unknown}
 q - a scroll of remove curse {unknown}
 r - a scroll of noise {unknown}
Comestibles
 e - a bread ration


   Skills:
 + Level 3.7 Fighting
 * Level 2.7 Maces & Flails
 + Level 3.8 Armour
 + Level 1.0 Dodging
 - Level 3.2 Shields


You had 2 spell levels left.
You didn't know any spells.

Dungeon Overview and Level Annotations

Branches:
Dungeon (2/15)

Altars:
Okawaru


Innate Abilities, Weirdness & Mutations

You are resistant to torment.
Your stone body is resilient (AC +3).
You are immune to poison.
You resist negative energy.
You are resistant to electric shocks.
You can survive without breathing.
You are immune to petrification.
You are immune to rotting.


Message History

You see here 3 stones.
You block the kobold's attack.
The goblin splashes around in the water.
The kobold splashes around in the water.
There is an open door here.
You see here 5 stones.
You miss the kobold. The kobold barely misses you.
The goblin closely misses you.
The kobold splashes around in the water.
You closely miss the kobold. You block the kobold's attack.
The goblin splashes around in the water.
You block the kobold's attack. x2
The goblin closely misses you. The kobold hits you.
* * * LOW HITPOINT WARNING * * *
Your shield prevents you from hitting the kobold.
The kobold hits you but does no damage. You block the goblin's attack.
The kobold hits you.
* * * LOW HITPOINT WARNING * * *
You barely miss the kobold. The kobold hits you.
You die...

..≈......#.##.####...#.#.##.#####
##.###.......###_###......)..####
.............#.≈.≈##>#...........
##.##...#....##≈.≈.#.............
##......+....#.≈.≈##.........####
........#....##≈.≈.#.........# #
##.##.#.##'###(≈.≈####..##.#.# #
.............##gKK.#.........# #
##.##.#.##.#####@#####..##.#.# #
...........##..#((......##.#.# #
##.##...........(((..........####
##(##.#.##.##..#######...........
##.##.#.##.##..# #.......#.#.####
##.##......##..# #####...#.#.#
##.##.#.##.##..# ####...#.#.#
...##.####.##..####......#.#.#
.........................#.#.#


You could see a goblin and 2 kobolds.

Vanquished Creatures
  An ooze (D:1)
  4 giant geckos
  2 orcs (D:2)
  2 ball pythons
  3 bat skeletons (D:2)
  A bat zombie (D:2)
  2 giant cockroaches (D:1)
  3 goblins
  A hobgoblin (D:2)
  A quokka (D:2)
  3 bats
  A giant cockroach zombie (D:2)
  A giant gecko skeleton (D:2)
  A giant newt (D:1)
  8 kobolds
  A quokka zombie (D:2)
  7 rats
42 creatures vanquished.

Notes
Turn   | Place    | Note
--------------------------------------------------------------
     0 | D:1      | septik the Gargoyle Fighter began the quest for the Orb.
     0 | D:1      | Reached XP level 1. HP: 14/14 MP: 1/1
    66 | D:1      | Reached XP level 2. HP: 17/19 MP: 2/2
   488 | D:1      | Reached XP level 3. HP: 21/23 MP: 3/3
   945 | D:2      | Reached skill level 1 in Dodging
  1263 | D:2      | Found an iron altar of Okawaru.
  1311 | D:2      | Slain by a kobold

Action                   || total
-------------------------++-------
Melee: Flail             ||   156
  Use: Potion            ||     5
